Map: Rhoskallian LE

Players

qqq

  • Race: Zerg Zerg
  • Spawn Location: 11:00

Massa

  • Race: Terran Terran
  • League: Platinum
  • Spawn Location: 12:00

BadDayRDK - Winner!

  • Race: Zerg Zerg
  • League: Diamond
  • Spawn Location: 6:00

eatmybro - Winner!

  • Race: Terran Terran
  • League: Platinum
  • Spawn Location: 5:00

VOD

Have the link to the VOD?

Description

Time

  • Played on: Oct. 27, 2020, 3:50 p.m.
  • Length: 9:49
Show
View Real Time Build Order
Export as new Build Order

qqq Zerg 

Build Orders: Hatch First 

Get SALT Encoding   

  12  0:00  Drone  
  13  0:08  Drone  
  14  0:41  Hatchery  
  13  0:49  Drone  
  14  1:04  Spawning Pool  
  14  1:06  Overlord  
  14  1:10  Drone  
  14  1:15  Extractor  
  13  1:20  Drone  
  14  1:30  Drone x2  
  16  1:41  Drone  
  17  1:56  Zergling x2  
  17  1:57  Queen  
  20  2:02  Zergling x2  
  20  2:04  Drone  
  22  2:14  Zergling x2  
  24  2:15  Drone  
  24  2:19  Metabolic Boost  
  24  2:30  Queen  
  24  2:32  Drone  
  24  2:35  Extractor  
  26  2:37  Drone  
  26  2:42  Drone  
  28  2:49  Overlord  
  28  2:58  Lair  
  28  3:06  Overlord  
  28  3:13  Drone x3  
  28  3:15  Drone  
  32  3:23  Baneling Nest  
  32  3:24  Drone  
  32  3:30  Zergling x2  
  33  3:37  Roach Warren  
  33  3:39  Drone  
  33  3:42  Zergling x2  
  33  3:45  Drone  
  33  3:48  Drone  
  36  3:52  Overlord  
  36  4:00  Drone x2  
  36  4:01  Extractor  
  36  4:02  Drone  
  38  4:05  Drone  
  38  4:07  Drone  
  40  4:10  Drone  
  40  4:11  Drone  
  40  4:14  Baneling  
  40  4:15  Baneling  
  42  4:26  Drone, Overlord  
  42  4:28  Drone x3  
  46  4:33  Drone  
  46  4:37  Roach  
  49  4:42  Drone  
  49  4:44  Extractor  
  49  4:46  Extractor  
  49  4:51  Overlord  
  49  4:52  Spire  
  47  4:53  Roach  
  47  4:54  Drone  
  47  4:57  Roach  
  52  5:01  Drone x2  
  52  5:03  Drone  
  55  5:16  Drone  
  55  5:17  Roach  
  55  5:18  Overlord  
  55  5:19  Overlord  
  58  5:23  Drone x2  
  58  5:27  Drone  
  61  5:30  Overlord  
  61  5:40  Hatchery  
  60  6:03  Mutalisk x3  
  60  6:04  Mutalisk x2  
  64  6:05  Drone x3  
  64  6:06  Drone  
  64  6:08  Mutalisk  
  76  6:18  Evolution Chamber  
  75  6:19  Infestation Pit  
  74  6:26  Spore Crawler  
  74  6:31  Mutalisk x2  
  77  6:35  Zerg Flyer Weapons Level 1  
  77  6:39  Baneling x2  
  77  6:44  Zergling x8, Overlord  
  77  6:45  Zergling x2, Overlord  
  82  6:49  Zerg Melee Weapons Level 1  
  82  6:58  Mutalisk  
  82  7:01  Drone  
  85  7:03  Zergling x6, Overlord  
  85  7:04  Zergling x4  
  90  7:08  Baneling x2  
  90  7:09  Baneling  
  90  7:40  Mutalisk x3  
  90  7:41  Drone  
  90  7:42  Drone x2  
  89  8:09  Drone x2  
  89  8:10  Mutalisk x3, Roach  
  89  8:11  Corruptor  
  100  8:24  Overlord  
  100  8:25  Mutalisk  
  100  8:26  Drone  
  91  8:58  Drone  
  91  9:00  Drone x3, Hydralisk Den  
  94  9:02  Extractor  
  94  9:03  Extractor  
  74  9:12  Mutalisk  
  74  9:13  Hatchery, Mutalisk x2  
  74  9:14  Drone  
  78  9:22  Hatchery  
  77  9:27  Drone  
  68  9:43  Spore Crawler  
  68  9:44  Spore Crawler  
  68  9:45  Spore Crawler  
  72  9:46  Spore Crawler  
Show
View Real Time Build Order
Export as new Build Order

Massa Terran 

Build Orders:  

Get SALT Encoding   

  12  0:00  SCV  
  13  0:12  SCV  
  14  0:23  Supply Depot  
  14  0:26  SCV  
  15  0:31  Refinery  
  15  0:45  SCV  
  15  0:47  Barracks  
  16  0:57  SCV  
  17  1:09  SCV  
  18  1:15  Supply Depot  
  18  1:20  Supply Depot  
  18  1:21  SCV  
  19  1:33  SCV, Reaper  
  21  1:50  Barracks  
  21  1:52  Supply Depot  
  21  1:57  SCV  
  22  2:05  Marine  
  23  2:20  Orbital Command, Factory  
  23  2:23  Marine  
  24  2:41  Marine  
  25  2:44  Marine, Supply Depot  
  25  2:47  Bunker  
  26  2:59  Marine  
  26  3:00  SCV  
  26  3:02  Marine  
  26  3:05  Hellion  
  31  3:12  SCV  
  32  3:17  Marine  
  33  3:20  Marine  
  33  3:26  Hellion  
  36  3:36  Command Center  
  36  3:44  Barracks Tech Lab  
  36  3:50  Factory Tech Lab  
  36  3:52  Refinery  
  36  3:53  Barracks Reactor  
  35  4:18  Stimpack  
  35  4:20  Marauder  
  37  4:27  Starport  
  37  4:29  Engineering Bay  
  37  4:32  Marine x2  
  39  4:41  Marauder  
  39  4:44  SCV  
  42  4:50  Orbital Command  
  42  4:56  SCV  
  42  4:57  Armory  
  42  4:58  Terran Infantry Weapons Level 1  
  43  5:08  SCV  
  43  5:11  Refinery  
  44  5:16  Refinery, SCV  
  44  5:20  SCV  
  46  5:21  Medivac  
  48  5:28  SCV  
  48  5:32  SCV  
  50  5:40  SCV  
  51  5:44  SCV  
  52  5:51  Liberator  
  52  5:53  SCV  
  52  5:56  SCV  
  57  5:57  Missile Turret  
  57  6:05  SCV  
  57  6:08  SCV  
  59  6:15  Siege Tank  
  59  6:17  SCV  
  63  6:20  SCV  
  63  6:24  Missile Turret  
  64  6:29  SCV  
  65  6:33  SCV  
  65  6:34  Medivac  
  68  6:45  Missile Turret  
  68  6:46  Marauder  
  70  6:54  Supply Depot x2  
  70  6:57  Missile Turret  
  70  7:01  Supply Depot  
  70  7:15  Marine x2  
  74  7:16  Marauder  
  74  7:33  Marine x2  
  78  7:37  Marauder  
  76  7:51  Marine x2  
  80  7:58  Marauder  
  77  8:08  Marine  
  74  8:17  Marine  
  74  8:18  Missile Turret, Combat Shield  
  77  8:20  Marauder, Missile Turret  
  77  8:22  Siege Tank  
  77  8:26  Barracks, Marine  
  81  8:27  Barracks  
  81  8:28  Barracks x2  
  81  8:35  Marine  
  84  8:41  Marauder  
  84  8:44  Marine  
  82  8:48  Command Center  
  82  8:52  Marine  
  82  8:54  Siege Tank  
  86  9:02  Marauder, Marine  
  89  9:10  Marine  
  83  9:24  Marauder  
Show
View Real Time Build Order
Export as new Build Order

BadDayRDK Zerg - Winner!

Build Orders: Hatch First 

Get SALT Encoding   

  12  0:00  Drone  
  13  0:12  Overlord  
  13  0:17  Drone  
  14  0:32  Drone x2  
  16  0:37  Drone  
  17  0:45  Drone  
  18  0:57  Hatchery  
  18  1:04  Drone, Extractor  
  17  1:17  Spawning Pool  
  16  1:20  Drone  
  16  1:23  Drone  
  18  1:30  Drone  
  19  1:42  Overlord  
  19  1:49  Drone  
  20  2:00  Drone  
  21  2:05  Queen  
  23  2:10  Metabolic Boost, Zergling x2  
  23  2:12  Queen  
  26  2:16  Drone  
  26  2:20  Drone  
  28  2:23  Drone  
  29  2:34  Drone  
  29  2:35  Drone  
  31  2:41  Drone  
  32  2:57  Evolution Chamber  
  31  2:59  Drone x2  
  31  3:00  Drone, Evolution Chamber  
  33  3:09  Drone x2  
  35  3:13  Drone  
  35  3:17  Overlord  
  36  3:20  Hatchery  
  36  3:22  Drone  
  36  3:26  Zerg Ground Armor Level 1  
  36  3:29  Overlord  
  36  3:35  Drone x2  
  36  3:39  Zerg Melee Weapons Level 1  
  36  3:40  Drone  
  40  3:41  Drone  
  40  3:43  Drone  
  40  3:46  Drone, Extractor  
  41  3:51  Queen  
  43  3:56  Drone x2  
  43  3:58  Drone  
  43  3:59  Zergling x2  
  43  4:01  Zergling x2  
  48  4:06  Drone x2  
  48  4:07  Drone  
  51  4:16  Overlord  
  51  4:20  Extractor  
  51  4:22  Extractor  
  49  4:26  Drone x3  
  52  4:37  Drone  
  52  4:38  Drone x5  
  56  4:39  Drone  
  56  4:44  Lair  
  59  4:48  Pneumatized Carapace  
  59  4:51  Drone  
  59  4:52  Drone x2  
  62  4:53  Drone  
  62  4:56  Queen  
  65  5:09  Hatchery  
  65  5:11  Overlord x3  
  64  5:14  Extractor  
  64  5:16  Extractor  
  62  5:31  Drone x3  
  62  5:32  Drone x3  
  68  5:42  Spire  
  67  5:43  Zergling x2  
  67  5:44  Zergling x14  
  75  5:51  Zergling x6  
  75  5:52  Zergling x2  
  75  5:56  Drone x2  
  81  6:01  Drone  
  82  6:06  Extractor  
  82  6:08  Zerg Ground Armor Level 2  
  82  6:10  Zerg Melee Weapons Level 2  
  82  6:11  Zergling x8  
  82  6:12  Extractor  
  82  6:13  Hatchery, Zergling x2  
  84  6:34  Drone x3  
  84  6:35  Drone x3  
  90  6:40  Overlord  
  90  6:41  Overlord x4  
  90  6:54  Zerg Flyer Weapons Level 1  
  90  6:59  Mutalisk  
  90  7:00  Mutalisk x6  
  90  7:01  Mutalisk  
  106  7:14  Mutalisk x4  
  106  7:15  Mutalisk  
  116  7:20  Spore Crawler  
  115  7:24  Mutalisk x2  
  116  7:32  Mutalisk  
  116  7:35  Mutalisk x2  
  123  7:48  Mutalisk x2  
  127  7:55  Mutalisk  
  127  7:57  Overlord x2  
  127  8:09  Mutalisk  
  127  8:10  Overlord x3  
  127  8:22  Overseer  
  127  8:24  Overseer  
  127  8:25  Mutalisk  
  127  8:26  Mutalisk x6  
  141  8:52  Mutalisk x3  
  141  8:53  Mutalisk x3  
  145  9:13  Mutalisk x3  
Show
View Real Time Build Order
Export as new Build Order

eatmybro Terran - Winner!

Build Orders:  

Get SALT Encoding   

  12  0:00  SCV  
  13  0:12  SCV  
  14  0:19  Supply Depot  
  14  0:24  SCV  
  15  0:40  SCV  
  16  0:47  Barracks  
  16  0:54  Barracks  
  16  0:59  SCV  
  17  1:23  Refinery  
  17  1:24  Supply Depot  
  17  1:26  SCV  
  18  1:35  Engineering Bay  
  18  1:41  Orbital Command  
  18  1:56  Marine  
  18  1:57  Marine  
  19  2:12  SCV  
  20  2:17  Barracks Tech Lab  
  20  2:21  Refinery  
  20  2:24  SCV, Marine  
  22  2:36  SCV  
  23  2:42  Marine  
  24  2:48  SCV, Supply Depot  
  24  2:50  Marine  
  26  3:00  SCV, Marine  
  28  3:14  SCV  
  28  3:19  Command Center  
  29  3:24  Barracks Reactor, Combat Shield  
  29  3:26  SCV, Marine  
  31  3:34  Engineering Bay  
  31  3:38  SCV  
  31  3:40  Factory  
  32  3:44  Marine  
  33  3:51  SCV  
  34  4:01  Terran Infantry Weapons Level 1  
  34  4:04  Marauder, Marine x2  
  37  4:22  SCV  
  38  4:24  Missile Turret  
  38  4:26  Factory Tech Lab  
  38  4:28  Marine  
  39  4:36  Supply Depot  
  39  4:45  Engineering Bay  
  39  4:46  Missile Turret  
  39  4:58  SCV, Marine, Siege Tank  
  44  5:04  Supply Depot  
  44  5:08  Missile Turret  
  44  5:12  Starport, Armory  
  44  5:14  SCV  
  45  5:25  Marine x2  
  45  5:26  Terran Infantry Armor Level 1  
  47  5:37  SCV  
  47  5:39  Siege Tank  
  51  5:55  Starport Reactor  
  51  6:09  Marine x3  
  54  6:25  Siege Tank  
  54  6:28  Supply Depot  
  54  6:31  Missile Turret  
  57  6:43  Orbital Command  
  57  6:55  Medivac  
  57  6:58  Siege Tank  
  62  7:02  Missile Turret  
  62  7:03  Missile Turret  
  62  7:10  Marine x2  
  62  7:11  Marine  
  65  7:28  SCV x2, Marine  
  68  7:30  Refinery, Siege Tank  
  68  7:32  Refinery  
  71  7:40  SCV x2  
  71  7:41  Marine x2  
  75  7:46  Marine  
  76  7:59  Marine x2  
  76  8:02  Medivac x2  
  76  8:04  Marine  
  83  8:14  Siege Tank  
  86  8:28  Supply Depot  
  86  8:30  Supply Depot  
  86  8:34  SCV, Medivac  
  87  8:35  Marine x3  
  91  8:46  SCV  
  92  8:52  Marine  
  92  8:53  Marine x2, Supply Depot  
  95  8:57  Siege Tank  
Tags
 
Add a new tag
Caveats
  • Supply blocks, unpowered buildings, or Contaminate may cause inaccurate times.
  • Supply counts are checked every 10 seconds.